 Dungeon Crawl Stone Soup version 0.17.1-1-g73c8601 (console) character file.

76 Cab the Gusty (level 4, -4/24 HPs)
             Began as a Tengu Air Elementalist on Dec 10, 2015.
             Slain by a gnoll
             ... wielding a +0 flail
              (12 damage)
             ... on level 3 of the Dungeon.
             The game lasted 00:16:32 (2464 turns).

Cab the Gusty (Tengu Air Elementalist)              Turns: 2464, Time: 00:16:33

Health: -4/24      AC:  2    Str:  9    XL:     4   Next: 32%
Magic:  7/9        EV: 12    Int: 16    God:
Gold:   189        SH:  0    Dex: 14    Spells: 3 memorised, 2 levels left

rFire  . . .     SeeInvis .     (no weapon)
rCold  . . .     Clarity  .     a - +0 robe
rNeg   . . .     SustAt   .     (no shield)
rPois  .         Gourm    .     (helmet restricted)
rElec  .         Spirit   .     (no cloak)
rCorr  .         Warding  .     (no gloves)
rMut   .         Stasis   .     (boots unavailable)
MR     .....                    (no amulet)
Stlth  ++........               (no ring)
                                (no ring)

@: swift, very quick, not resistant to hostile enchantments, unstealthy
A: beak, talons 3
a: no special abilities


You were on level 3 of the Dungeon.
You were not hungry.

You visited 1 branch of the dungeon, and saw 3 of its levels.

You collected 189 gold pieces.

Inventory:

Armour
 a - a +0 robe (worn)
Scrolls
 e - a scroll of immolation {unknown}
 j - a scroll of recharging {unknown}
 k - a scroll of teleportation {unknown}
 o - a scroll of enchant weapon {unknown}
 q - a scroll of remove curse
Potions
 g - 2 potions of magic
 h - 3 potions of flight
 m - a potion of cancellation
 p - a potion of might {unknown}
Books
 b - a book of Air

   Spells                             Type                      Level
   a - Shock                          Conjuration/Air              1
   b - Swiftness                      Charms/Air                   2
   c - Repel Missiles                 Charms/Air                   2
   d - Static Discharge               Conjuration/Air              3
   e - Lightning Bolt                 Conjuration/Air              5
Comestibles
 c - 2 bread rations
 d - a meat ration
 i - a chunk of flesh


   Skills:
 - Level 2.1 Dodging
 - Level 2.0 Stealth
 + Level 2.6 Spellcasting
 * Level 2.2 Conjurations
 + Level 0.1 Charms
 * Level 5.7 Air Magic


You had 2 spell levels left.
You knew the following spells:

 Your Spells              Type           Power        Failure   Level  Hunger
a - Shock                 Conj/Air       ##..         4%          1    #......
b - Swiftness             Chrm/Air       ##......     10%         2    ##.....
c - Static Discharge      Conj/Air       ##......     12%         3    ###....


Dungeon Overview and Level Annotations

Branches:
Dungeon (3/15)

Altars:

Annotations:
D:2 Sigmund


Innate Abilities, Weirdness & Mutations

You have a beak for a mouth.
You have claws for feet.


Message History

Press: ? - help, Shift-Dir - straight line, f/p - gnoll shaman
Aim: a gnoll shaman, wielding a club and wearing a robe (severely wounded)
The zap hits the gnoll shaman.
The gnoll shaman is almost dead.
The gnoll shouts!
The gnoll shaman closely misses you. The gnoll shaman hits you with a club.
The gnoll shouts! x3
The gnoll hits you with a flail! The gnoll misses you.
Your magical contamination has completely faded away.
Drink which item? (? for menu, Esc to quit)
Magic courses through your body. The gnoll hits you with a flail!
Some of the chunks of flesh in your inventory have rotted away.
Casting: Shock
Confirm with . or Enter, or press ? or * to list all spells.
You feel quick.
The gnoll shaman prays to its god.
The gnoll shaman is healed somewhat.
The gnoll hits you with a flail!
Ouch! That really hurt!
You die... ▒ ∙∙ ▒∙∙∙∙∙∙∙ ▒▒∙∙∙∙∙∙▒∙∙∙ ▒▒∙∙∙∙g∙▒ ∙∙∙∙∙∙∙∙∙∙▒▒▒▒∙∙∙∙∙∙∙∙ ∙∙∙∙∙∙∙∙∙∙∙∙▒▒∙∙∙∙∙∙∙∙ ∙∙∙∙∙∙

▒∙∙[∙∙∙∙∙∙g∙∙▒
▒∙∙∙▒▒▒∙∙∙∙∙∙∙∙∙∙∙∙▒
▒∙∙∙▒▒∙∙∙∙g∙∙∙%∙∙∙∙▒
▒∙∙∙∙▒∙▒▒▒▒▒▒∙∙∙∙∙∙▒
▒@∙∙∙▒ ▒∙∙∙∙∙∙∙ ▒g▒∙∙▒
▒∙∙)∙∙∙▒ ▒g▒g▒▒ ▒▒▒g∙∙∙∙
▒▒▒▒▒▒gg∙▒▒▒ ▒∙▒▒∙∙
▒▒∙∙∙∙∙∙∙∙∙∙▒ ▒▒▒▒∙▒▒▒∙
∙∙∙∙∙∙∙∙∙∙∙∙▒▒▒▒∙∙∙g∙▒▒▒
∙∙∙∙∙∙∙∙∙∙∙)∙▒▒∙∙▒∙∙∙∙▒▒
∙∙∙∙∙∙∙∙∙∙∙∙∙∙∙∙∙∙∙∙∙∙∙▒
∙∙∙∙∙∙∙∙∙∙∙∙∙∙∙∙▒▒▒∙∙∙∙▒


You could see a gnoll shaman and 3 gnolls.

Vanquished Creatures
  An adder (D:3)
  An ooze (D:2)
  A worm (D:2)
  A giant gecko (D:1)
  3 orcs (D:3)
  A giant cockroach (D:1)
  6 goblins
  8 hobgoblins
  4 jackals (D:1)
  2 quokkas (D:3)
  7 bats
  6 giant newts
  6 kobolds
  7 rats
54 creatures vanquished.

Notes
Turn   | Place    | Note
--------------------------------------------------------------
     0 | D:1      | Cab the Tengu Air Elementalist began the quest for the Orb.
     0 | D:1      | Reached XP level 1. HP: 10/10 MP: 4/4
   244 | D:1      | Reached XP level 2. HP: 15/15 MP: 0/6
   248 | D:1      | Learned a level 2 spell: Swiftness
   481 | D:1      | Reached skill level 5 in Air Magic
   657 | D:1      | Reached XP level 3. HP: 19/19 MP: 4/7
   665 | D:1      | Learned a level 3 spell: Static Discharge
  1204 | D:2      | Noticed Sigmund
  2206 | D:3      | Reached XP level 4. HP: 24/24 MP: 4/8
  2464 | D:3      | Slain by a gnoll

Action                   |  1- 3 |  4- 6 || total
-------------------------+-------+-------++-------
Melee: Unarmed           |    58 |     4 ||    62
 Cast: Shock             |    68 |    23 ||    91
       Static Discharge  |     6 |     2 ||     8
       Swiftness         |     2 |     1 ||     3
  Use: Scroll            |     6 |     1 ||     7
       Potion            |       |     2 ||     2
  Eat: Fruit             |     5 |       ||     5
       Chunk             |     5 |       ||     5
